 Dungeon Crawl Stone Soup version 0.29.0-4-gdea44cf6ec (webtiles) character file.

Game seed: 702415931370413864

13 qw the Chopper (level 2, 0/24 HPs)
             Began as a Demonspawn Cinder Acolyte on Sept 9, 2022.
             Was a High Priest of Ignis.
             Slain by a gnoll
             ... wielding a +0 whip
              (6 damage)
             ... on level 1 of the Dungeon.
             The game lasted 00:00:12 (878 turns).

qw the Chopper (Demonspawn Cinder Acolyte)           Turns: 878, Time: 00:00:12

Health: 0/24       AC:  9    Str: 14    XL:     2   Next: 24%
Magic:  3/3        EV: 11    Int: 15    God:    Ignis [*****.]
Gold:   0          SH:  0    Dex:  8    Spells: 3/3 levels left

rFire   + . .      SeeInvis .   a - -1 hand axe (flame)
rCold   . . .      Faith    .   (no shield)
rNeg    . . .      Spirit   .   b - +0 robe
rPois   .          Reflect  .   (no helmet)
rElec   .          Harm     .   (no cloak)
rCorr   .          Rampage  .   (no gloves)
Will    .....                   (no boots)
Stlth   +.........              (no amulet)
HPRegen 0.08/turn               (no ring)
MPRegen 0.08/turn               (no ring)

@: fiery-armoured
A: demonic magic 1
a: Renounce Religion, Fiery Armour, Foxfire Swarm, Rising Flame


You were on level 1 of the Dungeon.
You worshipped Ignis.
Ignis was extremely pleased with you.
You visited 1 branch of the dungeon, and saw 1 of its levels.


Innate Abilities, Weirdness & Mutations

Spells you cast may paralyse adjacent enemies.


   Skills:
 - Level 3.0 Fighting
 + Level 3.4 Axes
 - Level 1.0 Spellcasting
 - Level 2.6 Fire Magic


You had 3 spell levels left.
You didn't know any spells.
Your spell library contained the following spells:

 Spells                   Type           Power      Damage    Failure   Level
 Scorch                   Fire           16%        2d5       12%         2

Inventory:

Hand Weapons
 a - a -1 hand axe of flaming (weapon)
Armour
 b - a +0 robe (worn)
 e - a +0 ring mail
 f - a +0 cloak
Scrolls
 c - a scroll of teleportation {unknown}
 d - a scroll of identify {unknown}

Dungeon Overview and Level Annotations

Branches:
Dungeon (1/15)

Altars:


Message History

Found a ring mail.
A hobgoblin comes into view.
The hobgoblin shouts!
You hear a shout!
A gnoll comes into view. It is wielding a +0 whip.
A quokka comes into view.
You hit the hobgoblin. You burn the hobgoblin.
You kill the hobgoblin!
A hobgoblin comes into view.
You closely miss the gnoll. The gnoll closely misses you. The quokka bites you.
You closely miss the gnoll. You hit the quokka. You burn the quokka.
The quokka misses you. The gnoll hits you with a +0 whip.
You miss the quokka.
The quokka is moderately wounded.
You hit the gnoll but do no damage.
The quokka bites you but does no damage.
The gnoll closely misses you. The quokka bites you.
You barely miss the quokka.
The quokka is moderately wounded.
You hit the gnoll but do no damage. You barely miss the hobgoblin.
The gnoll hits you with a +0 whip! The hobgoblin closely misses you.
The quokka bites you.
876 ||| INVOKING Fiery Armour.
A protective cloak of flame settles atop you.
The gnoll closely misses you. The hobgoblin barely misses you.
The quokka barely misses you.
You hit the quokka. You burn the quokka.
You kill the quokka!
You hit the gnoll but do no damage. You hit the hobgoblin but do no damage.
The gnoll hits you but does no damage.
The gnoll is burned by your cloak of flames.
The gnoll is heavily wounded.
The hobgoblin hits you but does no damage.
The hobgoblin is burned by your cloak of flames.
The hobgoblin is severely wounded.
You hit the hobgoblin. You burn the hobgoblin.
You kill the hobgoblin!
You completely miss the gnoll. The gnoll hits you with a +0 whip.
You die...

##.## #.##. #.##.#
#.##.# #.##.#
#.##.# ######
#.##.######...[..
#.##......%......
##.##.....@g......
#....%............
######............
#......?.....
#.......[....
#............
#######.#...#
.#####


You could see a gnoll.

Vanquished Creatures
  3 endoplasms (D:1)
  A giant cockroach (D:1)
  3 hobgoblins (D:1)
  A quokka (D:1)
  A ball python (D:1)
  A bat (D:1)
  A kobold (D:1)
  2 rats (D:1)
13 creatures vanquished.

Notes
Turn   | Place    | Note
-------+----------+-------------------------------------------
     0 | D:1      | qw the Demonspawn Cinder Acolyte began the quest for the
                  | Orb.
     0 | D:1      | Reached XP level 1. HP: 18/18 MP: 2/2
     0 | D:1      | 0 ||| qw: Version: 0.1-a-113-g051387a
     0 | D:1      | 0 ||| qw: Game counter: 7165
     0 | D:1      | 0 ||| qw: Always use a shield: true
     0 | D:1      | 0 ||| qw: God list: Okawaru
     0 | D:1      | 0 ||| qw: Allow faded altars: false
     0 | D:1      | 0 ||| qw: Do Orc after D:15 true
     0 | D:1      | 0 ||| qw: Do second Lair branch before Depths: true
     0 | D:1      | 0 ||| qw: Lair rune preference: random
     0 | D:1      | 0 ||| qw: Plans: Normal
     0 | D:1      | 0 ||| PLANNING D:1-11
    82 | D:1      | 82 ||| INVOKING Fiery Armour.
   352 | D:1      | Reached skill level 3 in Axes
   381 | D:1      | 381 ||| INVOKING Fiery Armour.
   700 | D:1      | Gained mutation: Spells you cast may paralyse adjacent
                  | enemies. [demonic ancestry]
   700 | D:1      | Reached XP level 2. HP: 20/24 MP: 3/3
   875 | D:1      | HP: 6/24 [quokka (5)]
   876 | D:1      | 876 ||| INVOKING Fiery Armour.
   878 | D:1      | Slain by a gnoll

Levels and vault maps discovered:
D:1:      evilmike_arrival_rings, layout_basic, dreamdust_mushroom_princess

Skill      XL: |  1 |
---------------+----+-----
Axes           | 3 |  3.4
Fighting       | |  3.0
Spellcasting   | |  1.0
Fire Magic     | |  2.6

Action                   || total
-------------------------++-------
Melee: Hand axe          ||    44
Invok: Fiery Armour      ||     3
Armor: Robe              ||    11
Dodge: Dodged            ||    22

Table legend:
 A = Non-vault XP
 B = Vault XP
 C = Vault XP percentage of total XP
 D = Non-vault monster count
 E = Vault monster count
 F = Vault count percentage of total count
                 A         B        C        D         E       F
            +---------+---------+-------+---------+---------+-------
      Total |      21 |       0 |   0.0 |      13 |       0 |   0.0
            +---------+---------+-------+---------+---------+-------
        D:1 |      21 |       0 |   0.0 |      13 |       0 |   0.0
            +---------+---------+-------+---------+---------+-------
